 Dungeon Crawl Stone Soup version 0.31.0-9-g3a7656b989 (webtiles) character file.

Game seed: 2450553890350997386

161 qw the Skirmisher (level 5, -9/29 HPs)
             Began as a Deep Elf Hunter on Feb 3, 2024.
             Was an Initiate of Okawaru.
             Mangled by an iguana (10 damage)
             ... on level 4 of the Dungeon.
             The game lasted 00:00:10 (2594 turns).

qw the Skirmisher (Deep Elf Hunter)                 Turns: 2594, Time: 00:00:10

Health: -9/29      AC:  6    Str: 10    XL:     5   Next: 18%
Magic:  7/7        EV: 12    Int: 14    God:    Okawaru [......]
Gold:   195        SH:  0    Dex: 18    Spells: 4/4 levels left

rFire   . . .        a - +0 shortbow
rCold   . . .        (shield currently unavailable)
rNeg    . . .        c - +0 leather armour
rPois   .            j - +0 helmet
rElec   .            i - +1 cloak
rCorr   .            (no gloves)
SInv    .            (no boots)
Will    .....        f - amulet of faith
Stlth   ++           (no ring)
HPRegen 0.24/turn    (no ring)
MPRegen 0.10/turn

%: faith
@: no status effects
A: no striking features
a: Renounce Religion


You were on level 4 of the Dungeon.
You worshipped Okawaru.
Okawaru was noncommittal.
You visited 1 branch of the dungeon, and saw 4 of its levels.

You collected 195 gold pieces.


   Skills:
 - Level 1.5 Fighting
 + Level 8.6 Ranged Weapons
 - Level 2.4 Dodging
 - Level 1.2 Stealth


You had 4 spell levels left.
You didn't know any spells.
Your spell library was empty.

Inventory:

Hand Weapons
 a - a +0 shortbow (weapon)
Armour
 c - a +0 leather armour (worn)
 i - a +1 cloak (worn)
 j - a +0 helmet (worn)
Jewellery
 b - an amulet of the acrobat
 f - an amulet of faith (around neck)
Wands
 l - a wand of polymorph (11)
Potions
 h - a potion of mutation

Dungeon Overview and Level Annotations

Branches:
Dungeon (4/15)
 Temple: D:4-7

Altars:
Cheibriados
Dithmenos
Okawaru


Message History

The quokka bites you. The orc hits you but does no damage. x2
The quokka barely misses you.
You shoot an arrow. The arrow hits the quokka!
You kill the quokka!
Okawaru accepts your kill. The orc hits you but does no damage.
The orc closely misses you.
You shoot an arrow. The arrow hits the orc.
The orc is moderately wounded.
The orc closely misses you. x2; The orc hits you with a +0 short sword.
You shoot an arrow.
The arrow hits the orc but does no damage.
The orc is moderately wounded.
The orc barely misses you. x2; The orc closely misses you.
You shoot an arrow. The arrow hits the orc.
The orc is heavily wounded.
The orc misses you. x2; The iguana bites you.
The orc closely misses you.
You shoot an arrow. The arrow barely misses the orc.
The orc hits you but does no damage. The orc closely misses you.
The iguana bites you! The orc hits you but does no damage.
You shoot an arrow.
The arrow hits the orc but does no damage.
The orc is heavily wounded.
The orc hits you with a +0 whip. The orc misses you.
The iguana closely misses you. The orc hits you but does no damage.
You shoot an arrow. The arrow barely misses the orc.
The orc hits you but does no damage. The orc completely misses you.
The orc hits you but does no damage. The iguana completely misses you.
You shoot an arrow. The arrow hits the orc!
You kill the orc!
Okawaru accepts your kill. The orc hits you with a +0 hand axe.
The orc closely misses you. The iguana closely misses you.
You shoot an arrow. The arrow hits the iguana.
The iguana is lightly wounded.
The orc hits you but does no damage. The iguana barely misses you.
The orc closely misses you.
You shoot an arrow. The arrow hits the iguana.
The iguana is moderately wounded.
The orc hits you with a +0 hand axe. The iguana bites you!
You die...

#..........###.##
#.......#..###..#
#......#_#....#.#
#.......#..##.#.#
#..........##...#
#...............#
####........##..#
#..oo###.(..
#..)@# ....
#..l).......
....###.........
.... #........
... ......... ..
.........
.........
###.......


You could see an iguana and 2 orcs.

Vanquished Creatures
  A hound (D:4)
  3 gnolls (D:3)
  3 adders
  2 ribbon worms
  3 dart slugs
  3 orcs (D:4)
  6 bats
  8 endoplasms
  4 giant cockroaches
  4 hobgoblins
  3 jackals (D:2)
  2 kobolds (D:1)
  2 quokkas
  4 ball pythons
  A frilled lizard (D:3)
  4 goblins
  7 rats
60 creatures vanquished.

Notes
Turn   | Place    | Note
-------+----------+-------------------------------------------
     0 | D:1      | qw the Deep Elf Hunter began the quest for the Orb.
     0 | D:1      | Reached XP level 1. HP: 12/12 MP: 3/3
     0 | D:1      | 0 ||| qw: Version: 0.3-a-155-g5e7d8dd
     0 | D:1      | 0 ||| qw: Game counter: 2887
     0 | D:1      | 0 ||| qw: Melee chars always use a shield: true
     0 | D:1      | 0 ||| qw: God list: Okawaru
     0 | D:1      | 0 ||| qw: Allow faded altars: false
     0 | D:1      | 0 ||| qw: Do Orc after clearing Dungeon:15 true
     0 | D:1      | 0 ||| qw: Do second Lair branch before Depths: true
     0 | D:1      | 0 ||| qw: Lair rune preference: random
     0 | D:1      | 0 ||| qw: Goals: Normal
     0 | D:1      | 0 ||| PLANNING D:1-11
   264 | D:1      | Reached XP level 2. HP: 16/16 MP: 4/4
   284 | D:1      | Reached skill level 6 in Ranged Weapons
   792 | D:1      | 792 ||| UPGRADING to +1 cloak.
   797 | D:1      | 797 ||| UPGRADING to +0 helmet.
   802 | D:1      | 802 ||| DROPPING scarf of shadows.
   803 | D:1      | 803 ||| UPGRADING to amulet of faith.
   808 | D:1      | 808 ||| READING scroll labelled JEOVVEC RENN.
   808 | D:1      | 808 ||| IDENTIFYING dark potion
   809 | D:1      | 809 ||| READING scroll labelled LOG SAGHASYTEO.
   810 | D:1      | 810 ||| READING scroll labelled LEKUK JEWNAOS.
   811 | D:1      | 811 ||| DROPPING scroll of butterflies.
   812 | D:1      | 812 ||| DROPPING potion of attraction.
  1098 | D:2      | Reached XP level 3. HP: 20/20 MP: 5/5
  1262 | D:2      | Reached skill level 7 in Ranged Weapons
  1525 | D:2      | 1525 ||| READING scroll of identify.
  1525 | D:2      | 1525 ||| IDENTIFYING bubbling puce potion
  1526 | D:2      | 1526 ||| READING scroll labelled PIRUDATR QIKK.
  1627 | D:2      | 1627 ||| READING scroll labelled WANINU ERAH.
  1628 | D:2      | 1628 ||| READING scroll labelled LYACAUSK YZEU.
  1630 | D:2      | 1630 ||| Stepping ~*~*~tactically~*~*~ (cloud).
  1869 | D:3      | 1869 ||| RETREEEEATING.
  1878 | D:3      | Reached XP level 4. HP: 14/25 MP: 6/6
  1882 | D:3      | HP: 2/25 [gnoll/+0 halberd (14)]
  1998 | D:3      | Found a snail-covered altar of Cheibriados.
  2029 | D:3      | Reached skill level 8 in Ranged Weapons
  2270 | D:3      | Found a shadowy altar of Dithmenos.
  2495 | D:3      | 2495 ||| DROPPING ring of flight.
  2496 | D:3      | 2496 ||| READING scroll of identify.
  2496 | D:3      | 2496 ||| IDENTIFYING ruby potion
  2497 | D:3      | 2497 ||| READING scroll labelled AGIEMAS OSMISAFF.
  2498 | D:3      | 2498 ||| READING scroll labelled SAUXTI UZYUXEA.
  2502 | D:3      | 2502 ||| DROPPING potion of brilliance.
  2508 | D:4      | 2508 ||| STAIRDANCE
  2520 | D:4      | Reached XP level 5. HP: 25/29 MP: 7/7
  2537 | D:4      | Found an iron altar of Okawaru.
  2538 | D:4      | 2538 ||| PLANNING OKAWARU WORSHIP
  2548 | D:4      | Became a worshipper of Warmaster Okawaru
  2549 | D:4      | 2549 ||| PLANNING D:1-11
  2590 | D:4      | HP: 6/29 [orc/+0 whip (3)]
  2592 | D:4      | HP: 1/29 [orc/+0 hand axe (5)]
  2594 | D:4      | Mangled by an iguana

Levels and vault maps discovered:
D:1:      wheals_arrival_shading, layout_basic
D:2:      layout_basic, grunt_ministairs_7
D:3:      layout_loops_ring, nicolae_overflow_hidden_temple
D:4:      layout_rooms, okawaru_metal_pillars_1_2,
          mainiacjoe_overflow_boulevard, serial_shops, nicolae_shop_stone,
          columned_hall_lemuel

Skill      XL: |  1  2  3  4 |
---------------+-------------+-----
Ranged Weapons | 6 7 8 |  8.6
Fighting       | |  1.5
Dodging        | |  2.4
Stealth        | |  1.2

Action                     |  1- 3 |  4- 6 || total
---------------------------+-------+-------++-------
   Fire: Shortbow          |   100 |    72 ||   172
    Use: Scroll            |     7 |     3 ||    10
 Armour: Leather armour    |     8 |    38 ||    46
  Dodge: Dodged            |    31 |    48 ||    79

Table legend:
 A = Non-vault XP
 B = Vault XP
 C = Vault XP percentage of total XP
 D = Non-vault monster count
 E = Vault monster count
 F = Vault count percentage of total count
                 A         B        C        D         E       F
            +---------+---------+-------+---------+---------+-------
      Total |     215 |      15 |   6.5 |      58 |       2 |   3.3
            +---------+---------+-------+---------+---------+-------
        D:1 |      20 |       0 |   0.0 |      14 |       0 |   0.0
        D:2 |      47 |      15 |  24.2 |      16 |       2 |  11.1
        D:3 |      86 |       0 |   0.0 |      19 |       0 |   0.0
        D:4 |      62 |       0 |   0.0 |       9 |       0 |   0.0
            +---------+---------+-------+---------+---------+-------
